 Dungeon Crawl Stone Soup version 0.29.1-15-g9cfb28693d (webtiles) character file.

Game seed: 17112290826638590922

7795 BuddhaDhamma the Severer (level 11, -3/82 HPs)
             Began as a Minotaur Berserker on Mar 27, 2023.
             Was a High Priest of Trog.
             Slain by an acid dragon (8 damage)
             ... on level 9 of the Dungeon.
             The game lasted 00:16:07 (7651 turns).

BuddhaDhamma the Severer (Minotaur Berserker)       Turns: 7651, Time: 00:16:08

Health: -3/82      AC:  6    Str: 31    XL:     11   Next: 1%
Magic:  10/10      EV:  8    Int:  8    God:    Trog [*****.]
Gold:   248        SH:  0    Dex: 11    Spells: 10/10 levels left

rFire   . . .      SeeInvis +   c - +3 hand axe (venom)
rCold   . . .      Faith    .   (no shield)
rNeg    + . .      Spirit   .   h - +0 plate armour
rPois   .          Reflect  .   L - +2 hat
rElec   .          Harm     .   I - +1 cloak
rCorr   .          Rampage  .   (no gloves)
Will    .....                   s - +2 pair of boots
Stlth   ..........              w - amulet of Spring {rN+ Regen+ Int+4}
HPRegen 1.03/turn               g - ring "Dadat" {Str+6 SInv}
MPRegen 0.12/turn               (no ring)

@: corroded
A: horns 2, retaliatory headbutt
a: Renounce Religion, Berserk, Trog's Hand, Brothers in Arms


You were on level 9 of the Dungeon.
You worshipped Trog.
Trog was extremely pleased with you.
You visited 1 branch of the dungeon, and saw 9 of its levels.

You collected 534 gold pieces.
You spent 286 gold pieces at shops.

Inventory:

Hand Weapons
 c - a +3 hand axe of venom (weapon)
 H - a +0 war axe
 J - a +0 vorpal war axe
Missiles
 n - 30 poisoned darts (quivered)
Armour
 h - a +0 plate armour (worn)
 s - a +2 pair of boots (worn)
 I - a +1 cloak (worn)
 L - a +2 hat (worn)
Jewellery
 a - a +6 ring of strength
 g - the ring "Dadat" (left hand) {Str+6 SInv}
   (You found it on level 7 of the Dungeon)

   [ring of strength]

   Str:       It affects your strength (+6).
   SInv:      It lets you see invisible.
 l - a ring of protection from fire
 m - a ring of willpower
 r - a ring of magical power
 t - an amulet of regeneration
 w - the amulet of Spring (around neck) {rN+ Regen+ Int+4}
   (You found it on level 3 of the Dungeon)

   [amulet of regeneration]

   Int:       It affects your intelligence (+4).
   rN:        It protects you from negative energy.
   Regen:     It increases your rate of health regeneration.
Wands
 b - a wand of paralysis (13)
 u - a wand of flame (22)
 y - a wand of mindburst (6)
 N - a wand of light (5)
Scrolls
 j - 6 scrolls of teleportation
 k - a scroll of torment {unknown}
 o - 2 scrolls of vulnerability
 x - a scroll of poison
 A - 3 scrolls of magic mapping
 D - 3 scrolls of identify
 K - a scroll of summoning {unknown}
 M - a scroll of enchant armour
Potions
 d - a potion of haste
 f - 6 potions of curing
 i - 2 potions of ambrosia
 p - 2 potions of cancellation
 q - a potion of magic
 v - 2 potions of might
 z - a potion of berserk rage
 B - 3 potions of mutation
 C - 2 potions of degeneration
 E - a potion of brilliance
 F - 2 potions of flight
 G - a potion of heal wounds
Miscellaneous
 e - a lightning rod (4/4)


   Skills:
 - Level 3.6 Fighting
 + Level 19.7 Axes
 - Level 2.4 Armour
 - Level 2.1 Dodging


You had 10 spell levels left.
You didn't know any spells.
Your spell library was empty.

Dungeon Overview and Level Annotations

Branches:
Dungeon (9/15)             Temple (0/1) D:4
   Lair: D:8-11         Orc: D:9-12

Altars:
Fedhas
Gozag
Nemelex Xobeh
Qazlal
Trog
Xom

Shops:
D:2 [   D:6 *


Innate Abilities, Weirdness & Mutations

You have a pair of horns on your head.
You reflexively headbutt those who attack you in melee.


Message History

You headbutt the acid dragon, but do no damage.
The acid dragon misses you.
You hit the acid dragon but do no damage.
The acid dragon bites you but does no damage.
The acid dragon claws you but does no damage.
You hit the acid dragon but do no damage.
You headbutt the acid dragon, but do no damage.
You hit the basilisk but do no damage. You hit the acid dragon.
The acid dragon is lightly wounded.
You hit the basilisk but do no damage. The basilisk bites you.
The acid dragon bites you!
The acid dragon claws you but does no damage.
You hit the acid dragon.
The acid dragon is poisoned.
You headbutt the acid dragon.
The acid dragon is moderately wounded.
You hit the basilisk. You completely miss the acid dragon.
You punch the acid dragon, but do no damage.
The acid dragon is moderately wounded.
You slash the basilisk!
The basilisk is poisoned.
The acid dragon spits acid at you. The splash of acid hits you!!
* * * LOW HITPOINT WARNING * * *
The acid corrodes you! The basilisk gazes at you. You resist with some effort.
You hit the acid dragon but do no damage.
You headbutt the acid dragon.
The acid dragon is heavily wounded.
You closely miss the basilisk. The acid dragon barely misses you.
You furiously retaliate!
You headbutt the acid dragon. The acid dragon closely misses you.
The basilisk barely misses you.
You hit the acid dragon but do no damage.
The acid dragon is heavily wounded.
You hit the basilisk but do no damage. You hit the acid dragon.
You headbutt the acid dragon.
The acid dragon is severely wounded.
You barely miss the basilisk. The acid dragon bites you!
You die...

......##.##........##
......#..##........#
........(.........##
####################
##..# ####### .####
#...###.##..##....#
###....###.......... #
#####..#...l.#.... #
####.#....@D..(... ###
###...............##
..###..†......#####..##
........###.#..# ##
##########..##.# ####
##


You could see a basilisk (very poisoned) and an acid dragon (very poisoned,
catching breath).

Vanquished Creatures
  2 two-headed ogres
  A cyclops (D:9)
  Joseph (D:9)
  Maurice (D:8)
  A kobold demonologist (D:9)
  A komodo dragon (D:9)
  A troll (D:9)
  4 yaks (D:9)
  A wraith (D:9)
  A wyvern (D:9)
  2 basilisks (D:9)
  3 water moccasins
  3 ice beasts
  A black bear (D:6)
  A sky beast (D:6)
  2 orc warriors (D:7)
  2 ogres (D:5)
  3 phantoms
  5 kobold brigands
  2 bullfrogs
  4 necrophages
  A gnoll sergeant (D:7)
  5 scorpions
  6 wights
  2 howler monkeys
  2 jellies (D:6)
  3 orc priests
  Natasha (thrice) (D:2)
  2 gnoll boudas
  4 iguanas
  Ijyb (D:4)
  Terence (D:3)
  8 orc wizards
  Robin (D:2)
  13 gnolls
  10 adders
  A white imp (D:7)
  2 worms
  A dart slug (D:3)
  20 orcs
  5 bats
  7 endoplasms
  4 giant cockroaches
  16 hobgoblins
  4 jackals
  24 kobolds
  2 quokkas
  7 ball pythons
  2 frilled lizards (D:1)
  11 goblins
  5 rats (D:1)
215 creatures vanquished.

Notes
Turn   | Place    | Note
-------+----------+-------------------------------------------
     0 | D:1      | BuddhaDhamma the Minotaur Berserker began the quest for the
                  | Orb.
     0 | D:1      | Reached XP level 1. HP: 19/19 MP: 0/0
    29 | D:1      | Found a faded altar of an unknown god.
   189 | D:1      | Reached skill level 4 in Axes
   214 | D:1      | Reached XP level 2. HP: 25/26 MP: 1/1
  1092 | D:2      | Noticed Robin
  1096 | D:2      | Killed Robin
  1097 | D:2      | Reached skill level 5 in Axes
  1097 | D:2      | Reached XP level 3. HP: 25/31 MP: 2/2
  1251 | D:2      | Reached ** piety under Trog
  1316 | D:2      | Identified the +0 leather armour of the Harvest Moon {Harm
                  | rF+ Int+2 Dex-4}
  1364 | D:2      | Reached skill level 6 in Axes
  1364 | D:2      | Reached XP level 4. HP: 28/39 MP: 3/3
  1542 | D:2      | Found Aghywite's Armour Shoppe.
  1546 | D:2      | Noticed Natasha
  1557 | D:2      | Killed Natasha
  1620 | D:2      | Noticed Natasha
  1632 | D:2      | Killed Natasha
  1645 | D:2      | Noticed Natasha
  1651 | D:2      | Killed Natasha
  1652 | D:2      | Reached skill level 7 in Axes
  1652 | D:2      | Reached XP level 5. HP: 17/45 MP: 4/4
  1866 | D:2      | Bought a +0 pair of boots for 58 gold pieces
  2112 | D:3      | Found a shimmering altar of Xom.
  2220 | D:3      | Noticed Terence
  2228 | D:3      | Killed Terence
  2266 | D:3      | Found a bloodstained altar of Trog.
  2318 | D:3      | Found a stormy altar of Qazlal.
  2400 | D:3      | Reached skill level 8 in Axes
  2407 | D:3      | Identified the amulet of Spring {rN+ Regen+ Int+4}
  2982 | D:4      | Reached XP level 6. HP: 50/51 MP: 5/5
  3052 | D:4      | Reached skill level 9 in Axes
  3077 | D:4      | Reached *** piety under Trog
  3151 | D:4      | Reached XP level 7. HP: 54/57 MP: 6/6
  3269 | D:4      | Found a staircase to the Ecumenical Temple.
  3398 | D:4      | Reached skill level 10 in Axes
  3400 | D:4      | Noticed Ijyb
  3405 | D:4      | Paralysed by Ijyb for 5 turns
  3416 | D:4      | Killed Ijyb
  3716 | D:5      | Entered Level 5 of the Dungeon
  4032 | D:5      | Reached skill level 11 in Axes
  4238 | D:5      | Reached XP level 8. HP: 63/64 MP: 7/7
  4291 | D:5      | Reached skill level 12 in Axes
  4830 | D:6      | Reached skill level 13 in Axes
  4883 | D:6      | Found a blossoming altar of Fedhas.
  4998 | D:6      | Reached skill level 14 in Axes
  5012 | D:6      | Found Adackem's Serpentskin Sales.
  5020 | D:6      | Bought 5 poisoned darts for 26 gold pieces
  5020 | D:6      | Bought a +2 hand axe of venom for 202 gold pieces
  5270 | D:6      | Reached XP level 9. HP: 70/70 MP: 8/8
  5407 | D:6      | Found an opulent altar of Gozag.
  5603 | D:7      | Identified the ring "Dadat" {Str+6 SInv}
  5629 | D:7      | Reached skill level 15 in Axes
  5721 | D:7      | Reached **** piety under Trog
  6009 | D:7      | Found a sparkling altar of Nemelex Xobeh.
  6462 | D:8      | Reached skill level 16 in Axes
  6642 | D:8      | Noticed a two-headed ogre
  6654 | D:8      | Killed a two-headed ogre
  6655 | D:8      | Reached skill level 17 in Axes
  6655 | D:8      | Reached XP level 10. HP: 77/77 MP: 9/9
  6918 | D:8      | Noticed Maurice
  6945 | D:8      | Killed Maurice
  7018 | D:9      | Noticed a two-headed ogre
  7028 | D:9      | Killed a two-headed ogre
  7079 | D:9      | Reached skill level 18 in Axes
  7194 | D:9      | Noticed a cyclops
  7201 | D:9      | Killed a cyclops
  7202 | D:9      | Reached skill level 19 in Axes
  7373 | D:9      | Identified the +9 rapier "Zitteis" {drain, Str+4}
  7442 | D:9      | Noticed Joseph
  7448 | D:9      | Reached ***** piety under Trog
  7461 | D:9      | Killed Joseph
  7603 | D:9      | Reached XP level 11. HP: 63/82 MP: 10/10
  7648 | D:9      | HP: 3/82 [acid dragon/splash of acid (26)]
  7651 | D:9      | Slain by an acid dragon

Illustrated notes

Levels and vault maps discovered:
D:1:      ebering_trefoil_3fold, layout_basic, ebering_ecumenical_altar_webs
D:2:      layout_rooms, serial_shops, shop_fountains, kennysheep_path_1,
          uniq_natasha, uniq_robin
D:3:      layout_basic, nicolae_overflow_crystal_walls,
          mainiacjoe_overflow_brackets, overflow_temple_1_default, uniq_terence,
          uniq_crazy_yiuf_cottage
D:4:      layout_basic, minmay_temple_entry_offerings, uniq_ijyb
D:5:      layout_loops_corners, chequers_serial_rivers_micro_e
D:6:      layout_basic, mainiacjoe_overflow_paths, general_overflow_altar,
          guppyfry_shop_venom
D:7:      layout_loops_ring, mainiacjoe_overflow_alcove_2
D:8:      layout_basic, serial_curves, eino_curves_01, eino_curves_03,
          uniq_maurice
D:9:      layout_rooms, mainiacjoe_overflow_24_doors, erik_lair_dragon,
          nrook_campfire, minivault_10, amcnicky_mini_rare_corridor_liquid,
          st_stairs_1, uniq_joseph

Skill      XL: |  1  2  3  4  5  6  7  8  9 10 |
---------------+-------------------------------+-----
Axes           | 4 5 6 7 8 9 11 14 17 19 | 19.7
Fighting       | |  3.6
Armour         | |  2.4
Dodging        | |  2.1

Action                   |  1- 3 |  4- 6 |  7- 9 | 10-12 || total
-------------------------+-------+-------+-------+-------++-------
Melee: Hand axe          |    55 |   128 |   293 |   127 ||   603
       Headbutt          |     7 |    16 |    50 |    34 ||   107
       Punch             |       |       |     3 |     3 ||     6
Throw: Dart              |       |    12 |    10 |       ||    22
Invok: Berserk           |     1 |     5 |     6 |     3 ||    15
  Use: Scroll            |       |       |    26 |     1 ||    27
Armor: Scale mail        |    19 |       |       |       ||    19
       Ring mail         |     2 |       |       |       ||     2
       Plate armour      |    16 |    62 |   108 |    56 ||   242
Dodge: Dodged            |    33 |    43 |    71 |    46 ||   193
